 Dungeon Crawl Stone Soup version 0.16-a0-747-geaeaf20 (webtiles) character file.

55 M4edhros the Charlatan (level 3, -4/23 HPs)
             Began as an Octopode Artificer on Sept 23, 2014.
             Killed by divine providence
             ... invoked by an orc priest
              (12 damage)
             ... on Level 3 of the Dungeon.
             The game lasted 00:07:18 (1309 turns).

M4edhros the Charlatan (Octopode Artificer)         Turns: 1309, Time: 00:07:19

HP  -4/23        AC  2     Str 10      XL: 3   Next: 93%
MP   5/5         EV 12     Int 15      God:
Gold 53          SH  3     Dex 12      Spells:  0 memorised,  2 levels left

rFire  . . .     SeeInvis .     t - +0 cutlass
rCold  + + .     Clarity  .     q - +0 buckler
rNeg   + + .     rCorr    .     (helmet restricted)
rPois  +         rRot     .     w - amulet of Cekugob {Ward -Tele rElec rPois rN++ AC+1 EV+1}
rElec  +         Spirit   .     e - ring of flight
SustAb .         Warding  +     l - ring of protection from cold
rMut   .         NoTele   +     v - ring of protection from cold
Gourm  .                        (no ring)
MR     .....                    (no ring)
                                (no ring)
                                (no ring)
                                (no ring)

@: very slightly contaminated, hasted, very quick, not resistant to hostile
enchantments, fairly stealthy
A: almost no armour, amphibious, 8 rings, constrict 8, camouflage 1, gelatinous
body 1
a: Evoke Flight


You were on level 3 of the Dungeon.
You were not hungry.

You visited 1 branch of the dungeon, and saw 4 of its levels.

You collected 53 gold pieces.

Inventory:

Hand weapons
 a - a +0 short sword
 i - a +0 hunting sling
 t - a +0 cutlass (weapon)
Missiles
 h - 30 stones (quivered)
 p - 19 poisoned sling bullets
Armour
 q - a +0 buckler (worn)
Magical devices
 b - a wand of flame (15)
 c - a wand of enslavement (14)
 d - a wand of random effects (15)
 u - a wand of heal wounds (2) {unknown}
Comestibles
 f - a bread ration
 g - a beef jerky
 r - a chunk of hobgoblin flesh
Scrolls
 j - a scroll of magic mapping {unknown}
 n - a scroll of recharging {unknown}
 s - 2 scrolls of identify {unknown}
Jewellery
 e - a ring of flight (left tentacle)
 l - a ring of protection from cold (right tentacle)
 v - a ring of protection from cold (on tentacle)
 w - the amulet of Cekugob (around mantle) {Ward -Tele rElec rPois rN++ AC+1 EV+1}
   (You found it on level 4 of the Dungeon)

   [amulet of warding]

   It may prevent the melee attacks of summoned creatures.
   It affects your AC (+1).
   It affects your evasion (+1).
   It insulates you from electricity.
   It protects you from poison.
   It greatly protects you from negative energy.
   It prevents most forms of teleportation.


   Skills:
 - Level 1.0 Fighting
 - Level 1.0 Short Blades
 + Level 2.6 Dodging
 - Level 1.3 Stealth
 + Level 0.0 Shields
 * Level 5.0 Evocations


You had 2 spell levels left.
You didn't know any spells.

Dungeon Overview and Level Annotations

Branches:
Dungeon (4/15)
 Temple: D:4-7

Altars:


Innate Abilities, Weirdness & Mutations

You cannot wear most types of armour.
You are amphibious.
You can wear up to eight rings at the same time.
You can use your tentacles to constrict many enemies at once.
Your skin changes colour to match your surroundings (Stealth).
Your rubbery body absorbs attacks (AC +1).


Message History

The orc priest hits your orc priest with a hand axe.
Your orc priest hits the orc priest.
The orc priest invokes the aid of Beogh against you.
Something smites you!
Ouch! That really hurt!
Your orc priest mumbles some strange prayers to Beogh against the orc priest.
The orc priest convulses in agony!
The orc priest mumbles some strange prayers to Beogh against your orc priest.
Your orc priest is smitten.
Your orc priest is killed!
The orc priest hits you with a hand axe.
An orc comes into view. It is wielding a mace.
You see here an orc corpse.
You barely miss the orc priest. You grab the orc priest.
The orc priest is severely wounded.
You constrict the orc priest.
The orc moves out of view.
The orc priest invokes the aid of Beogh against you.
Something smites you!
Ouch! That really hurt!
You die...

..........# . ...
###.....### ....#.#
#.....# o..#.# #.....#
...#.### #.###.# ......
#.# #.# .)... #.# #.# #..#
###.###.#########o.##.####
................@.........
.....##.#########..##..###
.....##.# #..# .....##.#
..... .....#### .....#
.....# ......# .....#
.....<# .....# r....)##
.##### ...


You could see an orc priest.

Vanquished Creatures
  An orc priest (D:3)
  2 oozes
  5 bats
  A goblin (D:1)
  7 hobgoblins
  2 kobolds (D:2)
  A giant cockroach (D:1)
  3 giant newts (D:2)
  4 rats
26 creatures vanquished.

Vanquished Creatures (collateral kills)
  2 orc wizards (D:3)
  An orc (D:3)
3 creatures vanquished.

Grand Total: 29 creatures vanquished

Notes
Turn   | Place    | Note
--------------------------------------------------------------
     0 | D:1      | M4edhros, the Octopode Artificer, began the quest for the Orb.
     0 | D:1      | Reached XP level 1. HP: 13/13 MP: 1/1
   458 | D:1      | Reached skill level 4 in Evocations
   458 | D:1      | Reached XP level 2. HP: 18/18 MP: 3/3
  1016 | D:2      | Reached XP level 3. HP: 19/23 MP: 5/5
  1285 | D:3      | Reached skill level 5 in Evocations
  1309 | D:3      | Killed from afar by an orc priest

Action                   || total
-------------------------++-------
Melee: Hunting sling     ||    11
       Short sword       ||    35
       Cutlass           ||     4
 Fire: Hunting sling     ||    32
Evoke: Wand              ||     1
  Use: Potion            ||     5
 Stab: Sleeping          ||     1
  Eat: Chunk             ||     1
